 Dungeon Crawl Stone Soup version 0.19-a0-14-gde87d98 (webtiles) character file.

12364 deorigin the Grappler (level 11, -2/94 HPs)
             Began as a Troll Monk on Apr 29, 2016.
             Was a High Priest of Okawaru.
             Slain by a six-headed hydra (11 damage)
             ... on level 2 of the Lair of Beasts.
             The game lasted 01:15:14 (10115 turns).

deorigin the Grappler (Troll Monk)                 Turns: 10115, Time: 01:15:14

Health: -2/94      AC:  8    Str: 21    XL:     11   Next: 61%
Magic:  13/14      EV: 16    Int:  6    God:    Okawaru [*****.]
Gold:   745        SH: 15    Dex: 21    Spells: 0 memorised, 10 levels left

rFire  . . .     SeeInvis .     U - +0 morningstar
rCold  + . .     Gourm    +     Y - +0 robe "Ycegee Onai" {rC+ Regen+ Dex+4} (curse)
rNeg   . . .     Faith    .     B - +2 shield {reflect}
rPois  .         Spirit   .     (helmet restricted)
rElec  .         Dismiss  .     k - +2 cloak
rCorr  .         Reflect  +     (gloves unavailable)
SustAt +         Harm     .     (boots unavailable)
MR     .....                    (no amulet)
Stlth  +++.......               q - ring of sustain attributes
                                O - +2 ring of dexterity

@: heroism, not resistant to hostile enchantments, fairly stealthy
A: unfitting armour, claws 3, fast metabolism 3, gourmand, regeneration 2,
shaggy fur 1, tough skin 2
a: Heroism, Finesse, Renounce Religion


You were on level 2 of the Lair of Beasts.
You worshipped Okawaru.
Okawaru was extremely pleased with you.
You were completely stuffed.

You visited 3 branches of the dungeon, and saw 14 of its levels.

You collected 745 gold pieces.

Inventory:

Hand Weapons
 D - a +0 blowgun
 L - a +1 giant spiked club
 U - a +0 morningstar (weapon)
Missiles
 j - 5 exploding tomahawks (quivered)
 m - 82 poisoned needles
 y - a throwing net
 E - 4 javelins
 I - 4 javelins of returning
 M - 4 silver tomahawks
Armour
 a - a troll hide
 k - a +2 cloak (worn)
 B - a +2 shield of reflection (worn)
 K - a +1 shield of positive energy
 Y - the cursed +0 robe "Ycegee Onai" (worn) {rC+ Regen+ Dex+4}
   (You found it on level 9 of the Dungeon)

   It affects your dexterity (+4).
   It protects you from cold.
   It increases your rate of regeneration.
   It has a curse placed upon it.
Jewellery
 d - an uncursed ring of ice
 g - an uncursed ring of fire
 q - a ring of sustain attributes (right claw)
 O - a +2 ring of dexterity (left claw)
Wands
 Q - a wand of lightning (6/15)
 R - a wand of hasting (4/9)
Scrolls
 e - 4 scrolls of immolation
 f - a scroll of magic mapping
 o - 4 scrolls of teleportation
 w - 2 scrolls of fog
 x - a scroll of recharging
 A - 3 scrolls of amnesia
 C - a scroll of fear
 P - a scroll of remove curse
Potions
 c - 2 potions of invisibility
 h - a potion of haste
 i - 4 potions of heal wounds
 l - 2 potions of might
 p - 2 potions of agility
 r - a potion of beneficial mutation {unknown}
 s - 2 potions of flight
 u - a potion of resistance {unknown}
 z - a potion of ambrosia {unknown}
 G - 2 potions of cancellation
 T - a potion of degeneration {unknown}
 W - a potion of mutation {unknown}
 X - a potion of curing
 Z - a potion of berserk rage
Miscellaneous
 N - a lamp of fire
Comestibles
 b - 9 bread rations
 n - 21 chunks of flesh
 t - 19 fruits
 v - a beef jerky
 F - a royal jelly
 H - 5 meat rations
 J - 2 slices of pizza


   Skills:
 - Level 2.4(7.4) Fighting
 * Level 4.3(9.3) Throwing
 - Level 2.4(7.4) Dodging
 - Level 1.1(6.1) Stealth
 * Level 7.8(12.8) Shields
 + Level 14.1(19.1) Unarmed Combat
 * Level 5.4 Invocations
 - Level 0.2 Evocations


You had 10 spell levels left.
You didn't know any spells.

Dungeon Overview and Level Annotations

Branches:
Dungeon (11/15)            Temple (1/1) D:6            Lair (2/8) D:9
    Orc: D:9-12

Altars:
Cheibriados
Dithmenos
Elyvilon
Fedhas
Gozag
Kikubaaqudgha
Makhleb
Nemelex Xobeh
Okawaru
Ru
Sif Muna
Trog
Vehumet
Xom
Yredelemnul
Zin
The Shining One

Shops:
D:4 *

Annotations:
D:11 Sonja


Innate Abilities, Weirdness & Mutations

You are too large for most types of armour.
You have claws for hands.
Your metabolism is lightning-fast.
You like to eat raw meat.
You heal very quickly.
You are covered in fur (AC +1).
You have very tough skin (AC +2).


Message History

* * * LOW HITPOINT WARNING * * *
The six-headed hydra bites you.
* * * LOW HITPOINT WARNING * * *
You block the six-headed hydra's attack. x3
You block the crocodile's attack.
Evoke which item? (* to show all) (? for menu, Esc to quit)
Zapping:
Q - a wand of lightning (will waste charges)
Press: ? - help, Shift-Dir - straight line, f/p - six-headed hydra
Aim: a six-headed hydra (moderately wounded)
You hear a mighty clap of thunder!
The bolt of lightning hits the six-headed hydra.
The six-headed hydra is heavily wounded.
Evoking this partially-identified wand wasted a few charges.
You block the giant frog's attack. The six-headed hydra bites you!
* * * LOW HITPOINT WARNING * * *
The six-headed hydra barely misses you. The six-headed hydra bites you.
* * * LOW HITPOINT WARNING * * *
The six-headed hydra bites you but does no damage.
The six-headed hydra bites you!
You die...

(.....%[..P..
...........#. .
............ ...
#.........#....
#...(.....#....
#..#....(.........
#........DFt......
#..#......@.......
#..#..............
##..##..+#.PP...... #
##..................
#####.P.................
..........?...†.........
P###.###..##.P.#####....
## ####.####P### #### ##
###


You could see a six-headed hydra, a crocodile and a giant frog.

Vanquished Creatures
  Nergalle (D:11)
  A hill giant (D:10)
  A black mamba (Lair:1)
  Joseph (D:7)
  2 gargoyles
  A spiny frog (Lair:1)
  2 centaur skeletons (D:10)
  A troll (D:10)
  8 blink frogs
  A shadow (D:6)
  A wraith (D:10)
  A wyvern (D:10)
  9 yaks (Lair:2)
  A hungry ghost (D:7)
  Grum (D:11)
  2 hell hounds (D:9)
  2 water moccasins
  4 porcupines
  5 orc warriors
  2 ice beasts
  2 black bears (D:8)
  A phantom (D:6)
  5 ogres
  3 centaurs
  A crocodile (Lair:1)
  A big kobold (D:4)
  11 giant frogs
  A wyvern zombie (D:7)
  A water moccasin zombie (D:10)
  A scorpion (D:9)
  2 wyvern skeletons
  3 water moccasin skeletons
  3 killer bees (D:10)
  2 howler monkeys (D:7)
  An electric eel (Lair:1)
  A crimson imp (D:10)
  2 jellies
  2 centaur zombies
  A giant frog zombie (D:5)
  2 orc priests
  4 hounds
  9 orc wizards
  6 iguanas
  12 worker ants
  8 sheep (Lair:1)
  A hound zombie (D:10)
  A hound skeleton (D:6)
  7 gnolls
  15 river rats (Lair:1)
  10 adders
  A shadow imp (D:5)
  An adder skeleton (D:6)
  An adder zombie (D:7)
  A worm (D:2)
  5 dart slugs
  7 giant geckos
  27 orcs
  2 ball pythons (D:1)
  7 bats
  2 giant cockroaches
  9 hobgoblins
  4 jackals
  2 quokkas
  6 giant newts
  11 goblins
  32 kobolds
  7 rats
  A spectral orc (D:3)
292 creatures vanquished.

Vanquished Creatures (others)
  A fungus (Lair:1)
1 creature vanquished.

Grand Total: 293 creatures vanquished

Notes
Turn   | Place    | Note
--------------------------------------------------------------
     0 | D:1      | deorigin the Troll Monk began the quest for the Orb.
     0 | D:1      | Reached XP level 1. HP: 22/22 MP: 0/0
   295 | D:1      | Reached XP level 2. HP: 28/29 MP: 1/1
   571 | D:1      | Reached skill level 5 in Unarmed Combat
   571 | D:1      | Reached XP level 3. HP: 36/36 MP: 2/2
  1337 | D:2      | Reached XP level 4. HP: 44/44 MP: 3/3
  1640 | D:2      | Found a blossoming altar of Fedhas.
  1640 | D:2      | Found an opulent altar of Gozag.
  1840 | D:3      | Reached skill level 6 in Unarmed Combat
  2047 | D:3      | Reached XP level 5. HP: 50/50 MP: 4/4
  2135 | D:3      | Found a basalt altar of Yredelemnul.
  2172 | D:3      | Found a deep blue altar of Sif Muna.
  2316 | D:4      | Noticed an orc warrior
  2327 | D:4      | Killed an orc warrior
  2327 | D:4      | Reached skill level 7 in Unarmed Combat
  2389 | D:4      | Found Wuolaoq's Elemental Accessories.
  2397 | D:4      | Reached XP level 6. HP: 52/59 MP: 5/5
  2591 | D:4      | Reached skill level 8 in Unarmed Combat
  2971 | D:4      | Found a glowing silver altar of Zin.
  3261 | D:5      | Entered Level 5 of the Dungeon
  3269 | D:5      | Reached XP level 7. HP: 65/66 MP: 6/6
  3457 | D:5      | Found a bloodstained altar of Trog.
  3538 | D:5      | Reached skill level 9 in Unarmed Combat
  3904 | D:6      | Noticed a shadow
  3919 | D:6      | Killed a shadow
  3935 | D:6      | Reached skill level 10 in Unarmed Combat
  4022 | D:6      | Reached XP level 8. HP: 63/74 MP: 7/7
  4190 | D:6      | Found a staircase to the Ecumenical Temple.
  4211 | Temple   | Entered the Ecumenical Temple
  4268 | Temple   | Became a worshipper of Warmaster Okawaru
  4268 | Temple   | Reached * piety under Okawaru
  4268 | Temple   | Reached ** piety under Okawaru
  4464 | D:6      | Reached skill level 1 in Invocations
  4523 | D:6      | Reached skill level 11 in Unarmed Combat
  4764 | D:6      | Identified a scroll of acquirement
  4872 | D:7      | Noticed Joseph
  4889 | D:7      | Killed Joseph
  4889 | D:7      | Reached skill level 1 in Shields
  4889 | D:7      | Reached XP level 9. HP: 28/80 MP: 6/9
  5005 | D:7      | Reached *** piety under Okawaru
  5028 | D:7      | Reached skill level 12 in Unarmed Combat
  5125 | D:7      | Found a sacrificial altar of Ru.
  5576 | D:7      | Found a snail-covered altar of Cheibriados.
  6474 | D:8      | Found a bloodstained altar of Trog.
  6612 | D:8      | Reached skill level 1 in Throwing
  6707 | D:9      | Reached **** piety under Okawaru
  6717 | D:9      | Received a gift from Okawaru
  6802 | D:9      | Found a staircase to the Lair.
  7115 | D:9      | Reached XP level 10. HP: 88/88 MP: 11/11
  7232 | D:9      | Received a gift from Okawaru
  7388 | D:9      | Got a brightly glowing robe
  7399 | D:9      | Identified the cursed +0 robe "Ycegee Onai" {rC+ Regen+ Dex+4} (You found it on level 9 of the Dungeon)
  7413 | D:10     | Entered Level 10 of the Dungeon
  7536 | D:10     | Reached skill level 13 in Unarmed Combat
  7739 | D:10     | Noticed a hill giant
  7749 | D:10     | Killed a hill giant
  7749 | D:10     | Reached skill level 5 in Shields
  7794 | D:10     | Noticed a gargoyle
  7804 | D:10     | Killed a gargoyle
  8392 | D:10     | Reached ***** piety under Okawaru
  8547 | D:11     | Noticed Grum
  8553 | D:11     | Killed Grum
  8573 | D:11     | Noticed a five-headed hydra
  8578 | D:11     | Noticed Sonja
  8582 | D:11     | Noticed Nergalle
  8583 | D:11     | Noticed a gargoyle
  8601 | D:11     | Killed Nergalle
  8602 | D:11     | Killed a gargoyle
  8602 | D:11     | Reached XP level 11. HP: 29/94 MP: 11/13
  8605 | D:11     | Noticed a hill giant
  8745 | Lair:1   | Entered Level 1 of the Lair of Beasts
  9071 | Lair:1   | Reached skill level 5 in Invocations
  9840 | Lair:1   | Received a gift from Okawaru
 10010 | Lair:2   | Reached skill level 14 in Unarmed Combat
 10107 | Lair:2   | Noticed a six-headed hydra
 10115 | Lair:2   | Slain by a six-headed hydra

Vault maps used:
D:1:      minmay_arrival_solitary_statue, serial_forest,
          infiniplex_forest_straight_2, infiniplex_forest_lined_3,
          infiniplex_forest_lined_ring, infiniplex_forest_lined_2,
          infiniplex_forest_zigzag_1, infiniplex_forest_pool,
          hangedman_abyss_or_decor_lesser_grid
D:2:      gammafunk_temple_overflow_elements
D:3:      yredelemnul_forgotten_temple_becter, lemuel_blue_sif_altar,
          first_bread
D:4:      kennysheep_kobold_camp, zin_treasury, nicolae_elemental_shop
D:5:      trog_hazing_becter
D:6:      minmay_temple_entry_glass
D:7:      marbit_many_paths, nicolae_ru_the_path_less_chosen, uniq_joseph
D:8:      trog_ov_bears_minmay, hangedman_ranch
D:9:      minmay_lair_entry_lava
D:11:     hangedman_cross_stitches, serial_bayou_pond_d, kennysheep_doodads,
          uniq_sonja, uniq_grum, uniq_nergalle
Temple:   circular_temple_12
Lair:1:   st_stairs_7, lemuel_fruit_tree, infiniplex_staircase_pool
Lair:2:   bh_autumn_forest_stairs, serial_bayou_shore_a

Skill      XL: |  1  2  3  4  5  6  7  8  9 10 11 |
---------------+----------------------------------+-----
Unarmed Combat | 5 6 7 8 10 11 12 13 14 | 14.1
Invocations    | 2 3 4 5 |  5.4
Shields        | 1 3 6 7 |  7.8
Throwing       | 1 3 4 |  4.3
Fighting       | |  2.4
Dodging        | |  2.4
Stealth        | |  1.1
Evocations     | |  0.2

Action                   |  1- 3 |  4- 6 |  7- 9 | 10-12 || total
-------------------------+-------+-------+-------+-------++-------
Melee: Unarmed           |    85 |   154 |   311 |   374 ||   924
       Punch             |     2 |     7 |     3 |       ||    12
       Morningstar       |       |       |       |     2 ||     2
 Fire: Blowgun           |       |       |       |     3 ||     3
Throw: Large rock        |       |       |       |     3 ||     3
       Javelin           |       |       |       |     1 ||     1
       Tomahawk          |       |       |       |     1 ||     1
Invok: Heroism           |       |       |     3 |     5 ||     8
Evoke: Wand              |       |       |       |     2 ||     2
  Use: Scroll            |       |     9 |     9 |     9 ||    27
       Potion            |       |     1 |       |       ||     1
 Stab: Sleeping          |       |       |     1 |     3 ||     4
  Eat: Chunk             |    12 |    21 |    42 |    31 ||   106
Armor: Robe              |    25 |    70 |   106 |    61 ||   262
Dodge: Dodged            |    32 |    72 |   121 |    83 ||   308
Block: Shield            |       |       |    72 |   181 ||   253
       Reflection        |       |       |     1 |     1 ||     2
